Map: Ephemeron LE

Players

DPGPartinG (PartinG) - Winner!

  • Race: Protoss Protoss
  • League: Master
  • Spawn Location: 5:00

Ragnarok (SHIN)

  • Race: Zerg Zerg
  • League: Master
  • Spawn Location: 11:00

VOD

Have the link to the VOD?

Description

Time

  • Played on: Jan. 9, 2020, 4:38 a.m.
  • Length: 12:53
Show
View Real Time Build Order
Export as new Build Order

DPGPartinG Protoss - Winner!

Build Orders: 1 Gate Expand 

Get SALT Encoding   

  12  0:00  Probe  
  13  0:13  Probe  
  14  0:17  Pylon  
  14  0:25  Probe (Chrono Boost)  
  15  0:37  Probe (Chrono Boost), Gateway  
  16  0:45  Probe (Chrono Boost)  
  16  0:48  Assimilator  
  17  0:51  Probe  
  19  1:05  Probe  
  19  1:17  Probe  
  20  1:28  Nexus  
  20  1:38  Cybernetics Core  
  20  1:42  Probe  
  21  1:47  Assimilator  
  21  1:54  Probe  
  21  1:57  Pylon  
  22  2:06  Probe  
  23  2:12  Adept (Chrono Boost)  
  25  2:16  Warp Gate  
  25  2:18  Probe (Chrono Boost)  
  27  2:30  Probe (Chrono Boost)  
  27  2:35  Probe (Chrono Boost), Stalker  
  30  2:41  Probe (Chrono Boost)  
  30  2:51  Probe x2 (Chrono Boost)  
  32  2:52  Twilight Council  
  32  2:56  Probe (Chrono Boost)  
  32  2:58  Probe  
  34  3:08  Probe, Robotics Facility  
  34  3:10  Probe  
  36  3:17  Gateway  
  36  3:23  Resonating Glaives (Chrono Boost)  
  36  3:25  Gateway  
  36  3:32  Gateway  
  36  3:35  Probe  
  36  3:40  Gateway  
  37  3:41  Probe  
  37  3:47  Probe  
  39  3:51  Warp Prism (Chrono Boost)  
  41  3:56  Probe  
  41  3:58  Pylon  
  41  3:59  Probe  
  43  4:03  Pylon  
  43  4:06  Adept  
  45  4:11  Probe  
  45  4:16  Adept  
  48  4:19  Adept  
  48  4:21  Observer  
  51  4:25  Probe, Pylon  
  51  4:29  Assimilator  
  52  4:39  Adept x5  
  52  4:42  Pylon  
  62  4:48  Dark Shrine  
  62  5:03  Adept x3  
  62  5:04  Adept x2  
  62  5:08  Probe x2  
  62  5:11  Adept x4  
  62  5:12  Adept  
  74  5:19  Pylon  
  74  5:21  Pylon, Assimilator  
  68  5:33  Adept x5  
  66  5:44  Probe x2  
  66  5:46  Immortal (Chrono Boost)  
  62  6:07  Stalker  
  64  6:13  Probe  
  64  6:17  Dark Templar  
  64  6:18  Dark Templar x2  
  71  6:20  Probe  
  72  6:28  Immortal (Chrono Boost)  
  74  6:50  Pylon  
  74  6:51  Sentry x2  
  78  6:54  Sentry  
  78  6:56  Probe x2  
  78  6:58  Gateway  
  78  7:00  Gateway  
  82  7:03  Forge  
  82  7:11  Immortal (Chrono Boost)  
  84  7:17  Blink (Chrono Boost)  
  78  7:22  Nexus  
  78  7:24  Pylon  
  78  7:26  Shield Battery  
  78  7:29  Sentry, Shield Battery  
  80  7:30  Stalker, Shield Battery  
  82  7:39  Assimilator  
  82  7:41  Shield Battery  
  82  7:44  Immortal (Chrono Boost)  
  82  7:45  Probe x2  
  82  7:46  Protoss Ground Weapons Level 1 (Chrono Boost)  
  88  7:57  Probe x2  
  90  8:04  Robotics Bay  
  90  8:09  Probe x2  
  90  8:15  Stalker x2  
  90  8:19  Stalker  
  96  8:23  Probe x2  
  96  8:25  Pylon  
  98  8:33  Stalker x3  
  104  8:36  Photon Cannon  
  104  8:37  Probe  
  105  8:42  Photon Cannon, Assimilator  
  105  8:45  Probe  
  105  8:46  Probe  
  107  8:51  Colossus (Chrono Boost)  
  107  8:52  Probe  
  114  9:06  Extended Thermal Lance  
  114  9:10  Stalker x2  
  118  9:25  Pylon  
  118  9:26  Probe x2, Pylon  
  118  9:28  Colossus (Chrono Boost)  
  126  9:38  Probe  
  126  9:41  Pylon, Gateway  
  126  9:43  Protoss Ground Weapons Level 2 (Chrono Boost)  
  127  9:55  Sentry x2  
  127  9:59  Stalker x4  
  139  10:02  Pylon  
  139  10:03  Stalker  
  139  10:06  Pylon  
  141  10:15  Colossus (Chrono Boost)  
  141  10:20  Nexus  
  147  10:26  Photon Cannon  
  147  10:34  Observer  
  147  10:36  Stalker x2  
  147  10:37  Stalker x2  
  147  10:38  Stalker  
  157  10:48  Stalker x3  
  157  10:49  Observer  
  163  10:59  Observer  
  163  11:00  Probe x3  
  163  11:02  Photon Cannon, Colossus (Chrono Boost)  
  172  11:24  Pylon  
  172  11:26  Pylon  
  172  11:27  Pylon  
  172  11:29  Pylon  
  172  11:34  Observer  
  172  11:45  Stalker x2  
  172  11:46  Stalker x4  
  182  11:52  Stalker x2  
  170  12:20  Stalker x3  
  170  12:21  Stalker x5  
Show
View Real Time Build Order
Export as new Build Order

Ragnarok Zerg 

Build Orders: Hatch First 

Get SALT Encoding   

  12  0:00  Drone  
  13  0:08  Drone  
  14  0:17  Overlord  
  14  0:22  Extractor  
  14  0:23  Drone  
  15  0:36  Drone x2  
  17  0:55  Hatchery  
  16  0:57  Drone  
  16  1:01  Drone  
  18  1:06  Drone  
  19  1:15  Extractor  
  18  1:22  Spawning Pool  
  18  1:24  Drone  
  18  1:28  Drone  
  19  1:38  Drone  
  20  1:48  Overlord  
  20  1:59  Drone  
  21  2:09  Zergling x2  
  21  2:11  Queen x2  
  21  2:12  Zergling x2  
  27  2:17  Drone  
  27  2:20  Drone  
  29  2:28  Drone  
  30  2:31  Metabolic Boost  
  30  2:32  Drone  
  31  2:40  Drone  
  31  2:41  Drone  
  33  2:48  Hatchery  
  33  2:49  Drone  
  32  2:57  Queen  
  34  3:01  Overlord  
  34  3:03  Drone  
  35  3:06  Drone  
  36  3:13  Overlord  
  36  3:20  Drone  
  36  3:24  Overlord  
  37  3:32  Drone x3  
  37  3:33  Drone x2  
  37  3:34  Queen  
  44  3:44  Drone x2  
  46  3:51  Drone x3  
  46  3:54  Drone  
  46  3:55  Lair  
  50  3:56  Drone  
  50  4:00  Roach Warren  
  50  4:01  Queen  
  52  4:05  Drone  
  52  4:06  Drone x2  
  52  4:08  Extractor  
  54  4:10  Extractor  
  54  4:12  Drone x2  
  54  4:13  Drone  
  54  4:15  Overlord  
  56  4:19  Overlord  
  56  4:23  Spore Crawler, Drone  
  56  4:26  Spore Crawler  
  56  4:30  Zergling x2  
  56  4:31  Zergling x4  
  58  4:35  Zergling x6  
  61  4:41  Roach x2  
  61  4:42  Roach  
  66  4:46  Zergling x6  
  66  4:50  Overlord  
  66  4:52  Zergling x2  
  66  5:00  Glial Reconstitution  
  66  5:01  Roach x3  
  66  5:06  Zergling x6  
  72  5:12  Zergling x6  
  74  5:19  Zergling x8  
  71  5:24  Roach  
  71  5:29  Zergling x4  
  71  5:32  Roach  
  71  5:35  Zergling x4  
  74  5:39  Zergling x2  
  74  5:41  Zergling x2  
  73  5:43  Ravager  
  73  5:44  Zergling x2, Ravager  
  73  5:49  Overseer  
  74  5:50  Overseer  
  74  5:53  Drone x2  
  74  5:55  Drone  
  77  6:00  Drone  
  76  6:05  Zergling x2  
  76  6:08  Roach  
  79  6:11  Overlord  
  79  6:15  Overlord  
  79  6:17  Drone  
  78  6:26  Overlord  
  78  6:27  Overlord  
  78  6:28  Overlord  
  78  6:31  Drone  
  78  6:32  Drone x4  
  81  6:37  Roach x4  
  89  6:45  Roach  
  89  6:46  Roach x2  
  89  6:52  Roach x2  
  89  6:53  Roach  
  95  6:57  Ravager x4  
  99  7:02  Drone x2  
  99  7:05  Drone x5  
  106  7:10  Drone x3  
  103  7:15  Queen  
  103  7:16  Drone  
  103  7:18  Drone  
  103  7:22  Drone x2  
  105  7:26  Drone  
  105  7:27  Drone  
  107  7:31  Extractor  
  107  7:33  Evolution Chamber  
  107  7:37  Zergling x8  
  107  7:41  Drone x3  
  107  7:44  Zergling x2  
  113  7:45  Overlord  
  113  7:51  Overlord  
  113  7:54  Overlord  
  113  7:56  Overlord  
  113  7:59  Zerg Missile Weapons Level 1  
  113  8:04  Roach x3  
  113  8:05  Roach  
  121  8:09  Drone  
  121  8:12  Drone x4  
  123  8:20  Drone x2  
  123  8:23  Zergling x6, Roach  
  123  8:25  Baneling Nest  
  129  8:30  Ravager x6  
  129  8:33  Overlord  
  135  8:35  Roach x2  
  135  8:36  Extractor  
  135  8:38  Zergling x2, Roach  
  141  8:44  Drone x2  
  141  8:45  Drone x2  
  141  8:47  Overlord  
  144  8:51  Overseer  
  144  8:52  Zergling x8  
  144  8:53  Zergling x2  
  149  9:02  Hatchery  
  148  9:06  Drone x3  
  148  9:08  Drone  
  152  9:10  Centrifical Hooks  
  152  9:15  Zergling x4, Roach  
  156  9:20  Overlord  
  156  9:21  Zergling x6  
  159  9:31  Zergling x2, Roach  
  162  9:32  Overlord  
  162  9:33  Overlord x2  
  162  9:36  Overlord  
  162  9:44  Baneling x9, Infestation Pit  
  162  9:45  Baneling x4  
  159  9:51  Drone x5  
  164  9:53  Zerg Melee Weapons Level 1  
  164  9:58  Zergling x4, Roach  
  167  10:06  Drone x7  
  174  10:07  Extractor  
  173  10:17  Baneling x15  
  172  10:22  Hive  
  172  10:33  Drone  
  172  10:34  Drone  
  173  10:37  Spire, Drone x3, Queen  
  173  10:39  Zergling x8  
  181  10:43  Zergling x2  
  181  10:44  Zergling x6  
  181  10:49  Zergling x10  
  190  10:55  Zergling x14  
  197  10:57  Baneling  
  197  10:58  Baneling x6  
  197  11:02  Baneling x8  
  197  11:03  Baneling  
  197  11:07  Extractor, Drone  
  197  11:08  Baneling x9  
  197  11:13  Baneling x5  
  197  11:14  Baneling  
  197  11:17  Zergling x2  
  197  11:18  Zergling x4  
  199  11:26  Baneling  
  199  11:27  Baneling  
  199  11:28  Zergling x2, Baneling x6  
  197  11:40  Queen  
  197  11:43  Drone x2  
  197  11:46  Zergling x12  
  200  11:52  Spine Crawler  
  200  11:53  Spine Crawler  
  198  11:56  Drone  
  195  12:02  Zergling x12  
  183  12:11  Zergling x22, Roach  
  183  12:15  Zergling x2  
  174  12:20  Roach x2  
  174  12:21  Roach x3  
  174  12:23  Roach  
  174  12:28  Roach x4  
  175  12:31  Roach  
  175  12:33  Roach x2  
Tags
 
Add a new tag
Caveats
  • Supply blocks, unpowered buildings, or Contaminate may cause inaccurate times.
  • Supply counts are checked every 10 seconds.